 Dungeon Crawl Stone Soup version 0.27.1-2-g3b301248ec (webtiles) character file.

Game seed: 11577566792604313803

0 MajorAdolf the Stinger (level 1, 21/21 HPs)
             Began as a Naga Wanderer on Oct 1, 2021.
             Quit the game on level 1 of the Dungeon.
             The game lasted 00:00:24 (16 turns).

MajorAdolf the Stinger (Naga Wanderer)                Turns: 16, Time: 00:00:25

Health: 21/21      AC:  1    Str: 16    XL:     1   Next: 10%
Magic:  1/1        EV:  9    Int:  9    God:
Gold:   0          SH:  0    Dex: 11    Spells: 0/0 levels left

rFire    . . .     SeeInvis +   a - +2 dagger
rCold    . . .     Faith    .   (no shield)
rNeg     . . .     Spirit   .   c - +0 robe
rPois    +         Reflect  .   (no helmet)
rElec    .         Harm     .   (no cloak)
rCorr    .         Rampage  .   (no gloves)
Will     .....                  (no barding)
Stlth    ++........             (no amulet)
HPRegen  0.07/turn              (no ring)
MPRegen  0.07/turn              (no ring)

@: short of breath, very slow
A: AC +0, large, see invisible, deformed body, poison resistance, slowness 2,
spit poison 1, naga tail 1
a: Spit Poison


You were on level 1 of the Dungeon.
You visited 1 branch of the dungeon, and saw 1 of its levels.

Inventory:

Hand Weapons
 a - a +2 dagger (weapon)
Armour
 c - a +0 robe (worn)
Scrolls
 b - a scroll of fear


   Skills:
 + Level 3.0 Fighting
 - Level 1.7 Bows
 + Level 1.6 Stealth
 - Level 4.0 Poison Magic
 - Level 1.0 Evocations


You couldn't memorise any spells.
You didn't know any spells.
Your spell library contained the following spells:

 Spells                   Type           Power      Damage    Failure   Level
 Sting                    Tmut/Pois      12%        1d3       19%         1
 Summon Small Mammal      Summ           0%         N/A       38%         1
 Mephitic Cloud           Conj/Pois/Air  2%         N/A       56%         3
 Call Canine Familiar     Summ           0%         N/A       77%         3


Dungeon Overview and Level Annotations

Branches:
Dungeon (1/15)

Altars:


Innate Abilities, Weirdness & Mutations

Your serpentine skin is tough. (AC +0)
You have supernaturally acute eyesight. (SInv)
Armour fits poorly on your strangely shaped body.
Your system is resistant to poisons. (rPois)
You cover ground very slowly.
You can spit poison.
You have a snake-like lower body.


Message History

You add the spells Call Canine Familiar and Summon Small Mammal to your library.
You add the spells Mephitic Cloud and Sting to your library.
Welcome, MajorAdolf the Naga Wanderer.
Will you be the one to retrieve the awesome Orb of Zot from the depths?
Press ? for a list of commands and other information.
Found a staircase leading out of the dungeon.
You begin with the following items: a +2 dagger, a scroll of fear, a +0 robe; and the following spells available to memorise: Sting, Summon Small Mammal, Mephitic Cloud, Call Canine Familiar.
You open the door.
There is an open door here.
A kobold comes into view. It is wielding a +0 club.
A kobold is nearby!
Press: ? - help, Shift-Dir - straight line, f - you Really target yourself?
Okay, then.
Press: ? - help, Shift-Dir - straight line, f - kobold
Aim: a kobold, wielding a +0 club (asleep)
The splash of poison hits the kobold.
The kobold is moderately wounded.
Unknown command.
Welcome back, MajorAdolf the Naga Wanderer.
Press ? for a list of commands and other information.
Unknown command.
There is a fountain of clear blue water here.
You can't do that yet.
You can't do that yet.
Unknown command.
You have got your breath back.
Press: ? - help, Shift-Dir - straight line, f - kobold
Aim: a kobold, wielding a +0 club (moderately wounded)
The splash of poison hits the kobold.
The kobold is poisoned.
You kill the kobold!
Unknown command.
There is a fountain of clear blue water here.
Things that are here:
a +0 club; a kobold corpse Are you sure you want to abandon this character and quit the game? (Confirm with "yes".)

##### #...##..#
#...##..# #.<.##..#
#...##..# #...##..#
##'###..#######
#.#####.###.........
...........@)...#
#.##................
######.#####.##..
#+# #


There were no monsters in sight!

Vanquished Creatures
  A kobold (D:1)
1 creature vanquished.

Notes
Turn   | Place    | Note
-------+----------+-------------------------------------------
     0 | D:1      | MajorAdolf the Naga Wanderer began the quest for the Orb.
     0 | D:1      | MajorAdolf set off with the following items: a +2 dagger, a
                  | scroll of fear, a +0 robe; and the following spells
                  | available to memorise: Sting, Summon Small Mammal, Mephitic
                  | Cloud, Call Canine Familiar
     0 | D:1      | Reached XP level 1. HP: 21/21 MP: 1/1
    16 | D:1      | Quit the game

Illustrated notes

Levels and vault maps discovered:
D:1:      dpeg_arrival_rooms_a, layout_loops_cross,
          shapermc_ecumenical_altar_mp_ritualfount, minmay_cupped

Action                   || total
-------------------------++-------
 Abil: Spit Poison       ||     2
